 Dungeon Crawl Stone Soup version 0.29.1-2-gbd0b4ee654 (webtiles) character file.

Game seed: 9653449462896250849

278 GorkyZ the Shield-Bearer (level 6, 0/49 HPs)
             Began as a Formicid Fighter on Nov 19, 2022.
             Was an Initiate of Gozag.
             Killed from afar by Dowan (12 damage)
             ... with a stone arrow
             ... on level 4 of the Dungeon.
             The game lasted 00:08:58 (3840 turns).

GorkyZ the Shield-Bearer (Formicid Fighter)         Turns: 3840, Time: 00:09:02

Health: 0/49       AC:  9    Str: 23    XL:     6   Next: 51%
Magic:  6/6        EV:  7    Int:  7    God:    Gozag
Gold:   80         SH:  6    Dex: 13    Spells: 5/5 levels left

rFire   . . .      SeeInvis +   j - +0 mace
rCold   + . .      Faith    .   c - +1 buckler
rNeg    + . .      Spirit   .   h - +0 chain mail
rPois   .          Reflect  .   (helmet unavailable)
rElec   .          Harm     .   (no cloak)
rCorr   .          Rampage  .   (no gloves)
Will    .....                   (no boots)
Stlth   ..........              (no amulet)
HPRegen 0.16/turn               g - ring of positive energy
MPRegen 0.10/turn               m - ring of protection from cold

@: gold aura
A: permanent stasis, dig shafts and tunnels, antennae 3, four strong arms
a: Dig, Shaft Self, Renounce Religion, Potion Petition, Call Merchant, Bribe
Branch


You were on level 4 of the Dungeon.
You worshipped Gozag.
Gozag was noncommittal.
You visited 1 branch of the dungeon, and saw 4 of its levels.

You collected 106 gold pieces.
You paid 26 gold pieces to Gozag.

Inventory:

Hand Weapons
 a - a +0 flail
 j - a +0 mace (weapon)
Missiles
 p - 9 poisoned darts (quivered)
Armour
 b - a +0 scale mail
 c - a +1 buckler (worn)
 h - a +0 chain mail (worn)
Jewellery
 g - a ring of positive energy (left hand)
 i - a ring of fire
 m - a ring of protection from cold (right hand)
Wands
 q - a wand of polymorph (9)
Scrolls
 e - 2 scrolls of identify
 k - a scroll of enchant armour
 o - a scroll of poison {unknown}
 r - a scroll of enchant weapon {unknown}
Potions
 d - a potion of might
 f - 2 potions of berserk rage
 l - a potion of brilliance
 n - 2 potions of attraction


   Skills:
 + Level 4.7 Fighting
 + Level 3.5 Maces & Flails
 + Level 4.7 Armour
 + Level 5.6 Shields


You had 5 spell levels left.
You didn't know any spells.
Your spell library contained the following spells:

 Spells                   Type           Power      Damage    Failure   Level
 Necrotise                Necr           0%         1d4       99%         1
 Scorch                   Fire           0%         2d5       99%         2
 Vampiric Draining        Necr           0%         2d6       100%        3
 Flame Wave               Conj/Fire      0%         2d4       100%        4
 Agony                    Necr           0%         N/A       100%        5
 Freezing Cloud           Conj/Ice/Air   0%         6-21      100%        5
 Summon Cactus Giant      Summ           0%         N/A       100%        6
 Polar Vortex             Ice            0%         N/A       100%        9
 Simulacrum               Ice/Necr       Unusable   N/A       N/A         6

Dungeon Overview and Level Annotations

Branches:
Dungeon (4/15)             Temple (0/1) D:4

Altars:
Elyvilon
Gozag
Wu Jian
Zin

Annotations:
D:3 2 transporters, CryoSword's ghost, weakling DsHW
D:4 Dowan


Innate Abilities, Weirdness & Mutations

You cannot be hasted, slowed, berserked, paralysed or teleported.
You can dig through walls and to a lower floor.
You have a pair of large antennae on your head. (SInv)
Your four strong arms can wield two-handed weapons with a shield.


Message History

You hit Duvessa.
Duvessa is severely wounded.
Duvessa hits you with a +0 short sword. Dowan closely misses you.
You barely miss Duvessa.
Duvessa is severely wounded.
You block Duvessa's attack. Duvessa hits you but does no damage.
Dowan hits you with a +0 dagger.
You closely miss Dowan. You block Duvessa's attack.
Dowan hits you but does no damage. Duvessa closely misses you.
You hit Duvessa.
Duvessa is almost dead.
Duvessa closely misses you. Dowan casts a spell at you.
The puff of frost misses you.
The puff of frost hits Duvessa!
Duvessa dies!
Dowan screams in horror.
Dowan seems to find hidden reserves of power!
Dowan hits you but does no damage.
You have reached level 6!
You barely miss Dowan. Dowan hits you with a +0 dagger.
* * * LOW HITPOINT WARNING * * *
You hit Dowan.
Dowan is lightly wounded.
Dowan closely misses you. You block Dowan's attack.
Okay, then.
Okay, then.
You closely miss Dowan. Dowan hits you but does no damage.
You block Dowan's attack.
You sock Dowan!
Dowan is moderately wounded.
You block Dowan's attack. Dowan hits you with a +0 dagger.
* * * LOW HITPOINT WARNING * * *
You sock Dowan!
Dowan is severely wounded.
Dowan gestures wildly while chanting.
Dowan blinks!
Dowan gestures at you while chanting. The stone arrow hits you!
You die...
Your body crumbles into a pile of gold.

.# #.# .#....#....#
..#..##....#.....
#.#.....>.. ..#.# #
#....#....##..#.##.#
##...#....#..#......#
##....#..#.#..........
.......##...#.........
#ยง@e...!.<.$.....
#########........
#........ #........
#........ ##.......
#.....# ######


You could see Dowan (fast).

Vanquished Creatures
  Natasha (thrice) (D:3)
  4 gnolls (D:3)
  A dart slug (D:1)
  9 ball pythons
  7 endoplasms
  A giant cockroach (D:3)
  11 hobgoblins
  A jackal (D:1)
  5 kobolds
  8 quokkas
  3 bats
  4 frilled lizards
  5 goblins
  4 rats
66 creatures vanquished.

Vanquished Creatures (others)
  Duvessa (D:4)
  4 fungi (D:3)
  7 plants (D:3)
12 creatures vanquished.

Grand Total: 78 creatures vanquished

Notes
Turn   | Place    | Note
-------+----------+-------------------------------------------
     0 | D:1      | GorkyZ the Formicid Fighter began the quest for the Orb.
     0 | D:1      | Reached XP level 1. HP: 18/18 MP: 1/1
   200 | D:1      | Reached XP level 2. HP: 20/24 MP: 2/2
   554 | D:1      | Reached XP level 3. HP: 22/29 MP: 3/3
  1924 | D:2      | Found a white marble altar of Elyvilon.
  2064 | D:3      | Reached XP level 4. HP: 36/37 MP: 4/4
  2370 | D:3      | Found a transporter.
  2371 | D:3      | Noticed a necrophage
  2484 | D:3      | Found an ornate altar of the Wu Jian Council.
  2517 | D:3      | Found a transporter.
  2517 | D:3      | Noticed CryoSword's ghost (weakling DsHW)
  2780 | D:3      | Found a faded altar of an unknown god.
  2915 | D:3      | Reached XP level 5. HP: 42/42 MP: 5/5
  3001 | D:3      | Noticed Natasha
  3034 | D:3      | Killed Natasha
  3035 | D:3      | Reached skill level 5 in Shields
  3206 | D:3      | Noticed Natasha
  3213 | D:3      | Killed Natasha
  3319 | D:3      | Found a glowing silver altar of Zin.
  3319 | D:3      | Found an opulent altar of Gozag.
  3326 | D:3      | Became a worshipper of Gozag Ym Sagoz the Greedy
  3487 | D:3      | Noticed Natasha
  3495 | D:3      | Killed Natasha
  3812 | D:4      | Noticed Duvessa
  3812 | D:4      | Noticed Dowan
  3812 | D:4      | Found a staircase to the Ecumenical Temple.
  3835 | D:4      | Killed Duvessa
  3836 | D:4      | Reached XP level 6. HP: 15/49 MP: 6/6
  3840 | D:4      | Killed from afar by Dowan

Illustrated notes

Levels and vault maps discovered:
D:1:      lemuel_arrival_hallway, layout_loops_ring, minmay_pentomino_t4
D:2:      layout_basic, basic_altar
D:3:      layout_loops_ring, grunt_temple_overflow_gold_and_silver,
          lemuel_round_altar, shapermc_ecumenical_altar_mp_ritualfount,
          gammafunk_ghost_mausoleum, kennysheep_nub, uniq_natasha
D:4:      layout_rooms, grunt_dithmenos_smoke_and_mirrors,
          minmay_temple_entry_mini_moons, biasface_ghost_orc_armoury,
          uniq_duvessa, uniq_robin

Skill      XL: |  1  2  3  4  5 |
---------------+----------------+-----
Armour         | 4 |  4.7
Fighting       | 4 |  4.7
Shields        | 5 |  5.6
Maces & Flails | 3 |  3.5

Action                   |  1- 3 |  4- 6 || total
-------------------------+-------+-------++-------
Melee: Flail             |    67 |       ||    67
       Mace              |    36 |   103 ||   139
       Unarmed           |       |    21 ||    21
Throw: Dart              |       |     2 ||     2
 Abil: Dig               |       |     1 ||     1
  Use: Scroll            |       |     5 ||     5
       Potion            |       |     1 ||     1
Armor: Scale mail        |    20 |       ||    20
       Chain mail        |    15 |    35 ||    50
Dodge: Dodged            |    43 |    49 ||    92
Block: Buckler           |    20 |    32 ||    52
